 Dungeon Sprint DCSS version 0.21.1-1-g345015fe64 (webtiles) character file.

416929 Groucho the Invulnerable (level 20, -5/216 HPs)
             Began as a Minotaur Fighter on Apr 18, 2018.
             Was a High Priest of Cheibriados.
             Splashed by an acid blob's acid (6 damage)
             ... in the Dungeon (Sprint IX: "|||||||||||||||||||||||||||||") on Apr 19, 2018.
             The game lasted 01:29:53 (9198 turns).

Groucho the Invulnerable (Minotaur Fighter)         Turns: 9198, Time: 01:29:54

Health: -5/216     AC: 14    Str: 41    XL:     20   Next: 99%
Magic:  14/36      EV: 32    Int: 18    God:    Cheibriados [*****.]
Gold:   1324       SH: 31    Dex: 28    Spells: 41/41 levels left

rFire    + . .     SeeInvis +   c - +7 demon blade (flame)
rCold    + . .     Gourm    .   J - +0 large shield {AC+3}
rNeg     . . .     Faith    .   V - +8 gold dragon scales
rPois    +         Spirit   .   v - +0 hat {MR+}
rElec    .         Reflect  .   C - +2 cloak
rCorr    .         Harm     .   u - +0 pair of gloves
MR       +++..     NoTele   +   p - +0 pair of boots
Stlth    ..........             (no amulet)
HPRegen  0.46/turn              R - ring "Baoc" {MR+ Slay+3}
MPRegen  0.25/turn              O - ring of Juhaix {+Blink rPois Str+5 SInv}

@: corroded, slightly contaminated, very slow
A: retaliatory headbutt, horns 2, clumsy 1
}: 6/15 runes: decaying, serpentine, barnacled, elven, silver, gossamer
a: Bend Time, Temporal Distortion, Slouch, Step From Time, Renounce Religion,
Evoke Blink


You were in the Dungeon.
You worshipped Cheibriados.
Cheibriados was extremely pleased with you.
You were hungry.

You visited 1 branch You collected 1765 gold pieces.
You spent 441 gold pieces at shops.

Inventory:

Hand Weapons
 c - a +7 demon blade of flaming (weapon)
 n - a +2 scimitar of holy wrath
 x - the +6 great sword of Fee Simple {protect, rPois rF+ Str+2 Int+3, unknown}
   (You bought it in a shop in the Dungeon)

   It protects the one who uses it against injury (+AC on strike).
   It affects your strength (+2).
   It affects your intelligence (+3).
   It protects you from fire.
   It protects you from poison.
Missiles
 d - 4 tomahawks of returning
 g - 9 javelins (quivered)
 w - 4 poisoned tomahawks
Armour
 p - a +0 pair of boots (worn)
 u - a +0 pair of gloves (worn)
 v - a +0 hat of magic resistance (worn)
 C - a +2 cloak (worn)
 J - a +0 large shield of protection (worn)
 V - +8 gold dragon scales (worn)
Jewellery
 r - a +2 ring of evasion
 t - a +4 ring of protection
 z - an uncursed ring of ice
 A - an uncursed ring of protection from cold
 B - an uncursed ring of poison resistance
 F - a +6 ring of strength
 G - a +6 ring of dexterity
 H - a +2 ring of slaying
 I - a +4 ring of protection
 M - an uncursed ring of flight {unknown}
 O - the ring of Juhaix (right hand) {+Blink rPois Str+5 SInv}
   (You found it in the Dungeon)

   [ring of see invisible]

   It affects your strength (+5).
   It protects you from poison.
   It lets you see invisible.
   It lets you blink.
 P - the ring "Geehoig" {Wiz Dex+4}
   (You found it in the Dungeon)

   [ring of wizardry]

   It improves your spell success rate.
   It affects your dexterity (+4).
 Q - the ring "Gigakh" {Fire MR+ Str+2}
   (You found it in the Dungeon)

   [ring of fire]

   It enhances your fire magic.
   It affects your strength (+2).
   It protects you from fire.
   It makes you vulnerable to cold.
   It affects your resistance to hostile enchantments.
 R - the ring "Baoc" (left hand) {MR+ Slay+3}
   (You found it in the Dungeon)

   [ring of slaying]

   It affects your accuracy and damage with ranged weapons and melee attacks
   (+3).
   It affects your resistance to hostile enchantments.
 S - the ring of Duhed {rElec Str+3 Int+3 Stlth+}
   (You found it in the Dungeon)

   [ring of intelligence]

   It affects your strength (+3).
   It affects your intelligence (+3).
   It insulates you from electricity.
   It makes you more stealthy.
Wands
 o - a wand of disintegration (17)
 K - a wand of paralysis (14)
Scrolls
 j - 8 scrolls of remove curse
 k - 2 scrolls of blinking
 l - 2 scrolls of amnesia
 s - 5 scrolls of fog
 y - 7 scrolls of identify
 T - 3 scrolls of fear
Potions
 a - 3 potions of brilliance
 b - 2 potions of agility
 h - a potion of invisibility
 i - 2 potions of magic
 E - a potion of might
 L - a potion of degeneration {unknown}
 N - a potion of flight {unknown}
Comestibles
 f - 3 rations


   Skills:
 O Level 27 Fighting
 O Level 27 Long Blades
 O Level 27 Throwing
 O Level 27 Armour
 O Level 27 Dodging
 O Level 27 Shields
 O Level 27 Unarmed Combat
 + Level 11.1 Spellcasting
 O Level 27 Invocations
 + Level 23.3 Evocations


You had 41 spell levels left.
You didn't know any spells.

Dungeon Overview and Level Annotations

Branches:
Dungeon (1/1)

Altars:
Cheibriados
Dithmenos
Elyvilon
Fedhas
Gozag
Hepliaklqana
Kikubaaqudgha
Makhleb
Nemelex Xobeh
Okawaru
Qazlal
Ru
Sif Muna
Trog
Uskayaw
Vehumet
Wu Jian
Xom
Yredelemnul
Zin
The Shining One
Beogh
Jiyva
Lugonu

Shops:
D *:(%


Innate Abilities, Weirdness & Mutations

You reflexively headbutt those who attack you in melee.
You have a pair of horns on your head.
You are clumsy. (Dex -2)


Message History

* * * LOW HITPOINT WARNING * * *
You headbutt the acid blob, but do no damage.
The acid blob is heavily wounded.
The acid blob spits acid at you. The splash of acid misses you.
You slice the acid blob!! You burn the acid blob. The acid corrodes you!
Your hands burn!
* * * LOW HITPOINT WARNING * * *
Your headbutt misses the acid blob.
The acid blob is severely wounded.
You step out of the flow of time.
You return to the normal time flow.
You are feeling hungry.
Cheibriados lowers the support of your attributes as your movement quickens.
The acid blob quivers.
The acid blob spits acid at you. You block the splash of acid.
You feel better. The acid blob hits you!!
* * * LOW HITPOINT WARNING * * *
The acid corrodes you!
You are splashed with acid!
The acid burns!
You die...

▓▓▓▓▓▓▓▓▓▓▓▓▓▓▓▓▓▓▓▓
...▓...▓...▓...▓...▓
.▓.▓.▓.▓.▓.▓.▓.▓@▓.▓
.▓.▓.▓.▓.▓.▓.▓.▓J▓)▓
.▓.▓.▓.▓.▓)▓.▓.▓.▓J▓
.▓.▓.▓.▓.▓)▓.▓.▓.▓J▓
.▓.▓.▓.▓.▓.▓.▓.▓.▓)▓
.▓.▓.▓.▓.▓(▓.▓.▓.▓)▓
.▓.▓.▓'▓.▓.▓.▓.▓.▓.▓
.▓.▓.▓.▓.▓[▓.▓.▓.▓.▓
.▓.▓.▓.▓.▓.▓.▓'▓.▓.▓


You could see an acid blob.

Vanquished Creatures
  the Royal Jelly (D)
  4 orbs of fire (D)
  Mara (D)
  4 ancient liches (D)
  Mennas (D)
  Sojobo (D)
  A Killer Klown (D)
  Xtahua (D)
  A curse toe (D)
  A golden dragon (D)
  Jory (D)
  Nikola (D)
  6 electric golems (D)
  6 tentacled monstrosities (D)
  3 liches (D)
  Rupert (D)
  3 deep elf blademasters (D)
  26 Orb Guardians (D)
  13 acid blobs (D)
  3 deep elf master archers (D)
  Agnes (D)
  Gastronok (D)
  A thorn hunter (D)
  2 death cobs (D)
  10 shadow dragons (D)
  9 storm dragons (D)
  An azure jelly (D)
  4 tengu reavers (D)
  2 fire giants (D)
  Ilsuiw (D)
  5 nagarajas (D)
  3 draconian scorchers (D)
  A vault warden (D)
  A draconian knight (D)
  2 ghost moths (D)
  Louise (D)
  Aizul (D)
  6 emperor scorpions (D)
  A draconian shifter (D)
  2 draconian stormcallers (D)
  An ironheart preserver (D)
  3 draconian annihilators (D)
  An entropy weaver (D)
  2 very ugly things (D)
  8 vampire knights (D)
  7 stone giants (D)
  2 deep elf demonologists (D)
  2 deep elf annihilators (D)
  4 green draconians (D)
  4 black draconians (D)
  A dire elephant (D)
  2 yellow draconians (D)
  2 red draconians (D)
  6 purple draconians (D)
  A spark wasp (D)
  Snorg (D)
  A white draconian (D)
  A deep elf death mage (D)
  5 death oozes (D)
  A merfolk javelineer (D)
  6 merfolk impalers (D)
  3 ettins (D)
  2 yaktaur captains (D)
  4 ice dragons (D)
  7 fire dragons (D)
  4 great orbs of eyes (D)
  3 deep elf high priests (D)
  5 ogre magi (D)
  9 hydras (D)
  A rakshasa (D)
  2 spriggan air magi (D)
  25 vault guards (D)
  3 naga warriors (D)
  2 anacondas (D)
  A merfolk aquamancer (D)
  2 centaur warriors (D)
  A two-headed ogre (shapeshifter) (D)
  A two-headed ogre (D)
  An alligator (D)
  An alligator snapping turtle (D)
  4 merfolk avatars (D)
  A deep troll earth mage (D)
  A vampire mage (D)
  A hell knight (D)
  A deep elf knight (D)
  A shadow wraith (D)
  An iron troll (D)
  A salamander mystic (D)
  A naga ritualist (D)
  A shambling mangrove (D)
  7 deep trolls (D)
  5 swamp dragons (D)
  An ironbrand convoker (D)
  A wizard (D)
  2 harpies (D)
  2 orb spiders (D)
  3 necromancers (D)
  A mana viper (D)
  5 orc knights (D)
  A wolf spider (D)
  3 ugly things (D)
  A deep elf mage (D)
  5 moths of wrath (D)
  A cyclops (D)
  A merfolk siren (D)
  A guardian serpent (shapeshifter) (D)
  7 elephants (D)
  Maurice (D)
  2 vault sentinels (D)
  2 guardian serpents (D)
  2 black mambas (D)
  A yaktaur (D)
  2 spiny frogs (D)
  A komodo dragon (D)
  A tengu conjurer (D)
  A rime drake (D)
  4 demonic crawlers (D)
  2 hornets (D)
  4 trolls (D)
  A jumping spider (D)
  3 tyrant leeches (D)
  A queen bee (shapeshifter) (D)
  A blink frog (D)
  3 merfolk (D)
  2 hippogriffs (D)
  A snapping turtle (D)
  A dream sheep (D)
  11 spriggans (D)
  5 redbacks (D)
  A tarantella (D)
  2 water elementals (D)
  Eustachio (D)
  A golden eye (D)
  A basilisk (D)
  An acid dragon (D)
  5 nagas (D)
  2 water moccasins (D)
  3 floating eyes (D)
  10 orc warriors (D)
  2 porcupines (D)
  3 swamp drakes (D)
  A black bear (shapeshifter) (D)
  2 eyes of draining (D)
  A wolf (D)
  2 crocodiles (D)
  A bullfrog (D)
  A scorpion (D)
  A crimson imp (D)
  2 hounds (D)
  A jelly (D)
  2 orc priests (D)
  8 orc wizards (D)
  2 worker ants (D)
  An adder zombie (D)
  A dart slug (D)
  A leopard gecko (D)
  7 orcs (D)
  2 bat skeletons (D)
  A goblin (D)
  A kobold (D)
  A bat (D)
  A giant cockroach zombie (D)
456 creatures vanquished.

Vanquished Creatures (others)
  A bat zombie (D)
1 creature vanquished.

Grand Total: 457 creatures vanquished

Notes
Turn   | Place    | Note
-------+----------+-------------------------------------------
     0 | D        | Groucho the Minotaur Fighter began the quest for the Orb.
     0 | D        | Reached XP level 1. HP: 19/19 MP: 0/0
    18 | D        | Reached XP level 2. HP: 16/28 MP: 1/1
   144 | D        | Noticed a crimson imp
   148 | D        | Reached skill level 5 in Fighting
   148 | D        | Reached skill level 5 in Armour
   148 | D        | Reached skill level 5 in Shields
   148 | D        | Reached XP level 3. HP: 36/36 MP: 2/2
   155 | D        | Reached skill level 5 in Long Blades
   161 | D        | Reached XP level 4. HP: 39/45 MP: 3/3
   384 | D        | Found a roughly hewn altar of Beogh.
   384 | D        | Found a snail-covered altar of Cheibriados.
   384 | D        | Found a shadowy altar of Dithmenos.
   384 | D        | Found a white marble altar of Elyvilon.
   384 | D        | Found a blossoming altar of Fedhas.
   384 | D        | Found an opulent altar of Gozag.
   385 | D        | Found a hazy altar of Hepliaklqana.
   386 | D        | Found a viscous altar of Jiyva.
   387 | D        | Found an ancient bone altar of Kikubaaqudgha.
   388 | D        | Became a worshipper of Cheibriados the Contemplative
   389 | D        | Found a corrupted altar of Lugonu.
   390 | D        | Found a burning altar of Makhleb.
   391 | D        | Found a sparkling altar of Nemelex Xobeh.
   392 | D        | Found an iron altar of Okawaru.
   393 | D        | Found a stormy altar of Qazlal.
   394 | D        | Found a sacrificial altar of Ru.
   395 | D        | Found a deep blue altar of Sif Muna.
   396 | D        | Found a bloodstained altar of Trog.
   397 | D        | Found a hide-covered altar of Uskayaw.
   398 | D        | Found a radiant altar of Vehumet.
   399 | D        | Found an ornate altar of the Wu Jian Council.
   400 | D        | Found a shimmering altar of Xom.
   401 | D        | Found a basalt altar of Yredelemnul.
   402 | D        | Found a glowing silver altar of Zin.
   403 | D        | Found a glowing golden altar of the Shining One.
   452 | D        | Noticed an eye of draining
   455 | D        | Killed an eye of draining
   455 | D        | Reached XP level 5. HP: 53/53 MP: 3/5
   459 | D        | Reached * piety under Cheibriados
   461 | D        | Reached XP level 6. HP: 54/61 MP: 3/7
   467 | D        | Reached ** piety under Cheibriados
   499 | D        | Noticed a brown ugly thing
   499 | D        | Noticed a troll
   499 | D        | Noticed an orc warrior
   505 | D        | Killed a brown ugly thing
   505 | D        | Reached skill level 5 in Invocations
   505 | D        | Reached XP level 7. HP: 45/71 MP: 7/10
   511 | D        | Killed a troll
   511 | D        | Reached skill level 10 in Fighting
   511 | D        | Reached skill level 10 in Armour
   511 | D        | Reached skill level 10 in Shields
   514 | D        | Reached *** piety under Cheibriados
   517 | D        | Reached skill level 10 in Long Blades
   517 | D        | Reached XP level 8. HP: 45/80 MP: 8/11
   519 | D        | Reached **** piety under Cheibriados
   775 | D        | Noticed a six-headed hydra
   775 | D        | Noticed a seven-headed hydra
   775 | D        | Noticed a seven-headed hydra
   775 | D        | Noticed a komodo dragon
   779 | D        | Killed a six-headed hydra
   779 | D        | Reached XP level 9. HP: 69/89 MP: 1/14
   779 | D        | Killed a seven-headed hydra
   779 | D        | Killed a seven-headed hydra
   779 | D        | Reached ***** piety under Cheibriados
   781 | D        | Killed a komodo dragon
   794 | D        | Reached XP level 10. HP: 55/101 MP: 3/16
   965 | D        | Noticed a six-headed hydra
   965 | D        | Noticed a spiny frog
   965 | D        | Noticed a spiny frog
   967 | D        | Reached ****** piety under Cheibriados
   969 | D        | Killed a spiny frog
   969 | D        | Reached skill level 10 in Invocations
   970 | D        | Killed a six-headed hydra
   970 | D        | Killed a spiny frog
   986 | D        | Noticed an elephant
   986 | D        | Noticed an elephant
   986 | D        | Noticed an elephant
   986 | D        | Noticed an elephant
   986 | D        | Noticed a dire elephant
   986 | D        | Noticed an elephant
   990 | D        | Killed an elephant
   990 | D        | Reached skill level 1 in Dodging
   993 | D        | Noticed an elephant
   994 | D        | Killed an elephant
   996 | D        | Noticed an elephant
  1000 | D        | Killed a dire elephant
  1003 | D        | Killed an elephant
  1003 | D        | Reached XP level 11. HP: 55/111 MP: 2/18
  1016 | D        | Reached skill level 5 in Dodging
  1321 | D        | Noticed Eustachio
  1345 | D        | Killed Eustachio
  1440 | D        | Noticed Gastronok
  1457 | D        | Killed Gastronok
  1457 | D        | Reached skill level 15 in Fighting
  1457 | D        | Reached skill level 15 in Armour
  1457 | D        | Reached skill level 15 in Shields
  1593 | D        | Noticed an orc knight
  1603 | D        | Killed an orc knight
  1631 | D        | Found Wuokk's General Store.
  1631 | D        | Noticed an iron troll
  1631 | D        | Noticed an ogre mage
  1631 | D        | Noticed a deep troll
  1631 | D        | Noticed a deep troll
  1632 | D        | Noticed a deep troll
  1642 | D        | Killed an iron troll
  1643 | D        | Reached skill level 1 in Throwing
  1647 | D        | Killed an ogre mage
  1653 | D        | Killed a deep troll
  1658 | D        | Killed a deep troll
  1663 | D        | Killed a deep troll
  1663 | D        | Reached XP level 12. HP: 86/122 MP: 19/19
  1667 | D        | Found Peenih's Book Shoppe.
  1671 | D        | Found Nufe Uwa's Antique Weapon Emporium.
  1673 | D        | Noticed an ogre mage
  1674 | D        | Found Baupn's Food Shoppe.
  1699 | D        | Killed an ogre mage
  1699 | D        | Reached skill level 10 in Dodging
  1739 | D        | Bought a crystal great sword for 345 gold pieces
  1745 | D        | Bought a potion of agility for 48 gold pieces
  1745 | D        | Bought 2 scrolls of identify for 48 gold pieces
  1940 | D        | Noticed a centaur warrior
  1942 | D        | Noticed a two-headed ogre
  1944 | D        | Killed a centaur warrior
  1945 | D        | Noticed a great orb of eyes
  1946 | D        | Noticed a centaur warrior
  1947 | D        | Noticed a stone giant
  1948 | D        | Killed a two-headed ogre
  1950 | D        | Noticed a fire dragon
  1952 | D        | Noticed a fire dragon
  1952 | D        | Killed a great orb of eyes
  1953 | D        | Noticed a stone giant
  1959 | D        | Killed a stone giant
  1959 | D        | Reached skill level 5 in Throwing
  1965 | D        | Noticed a stone giant
  1965 | D        | Killed a centaur warrior
  1976 | D        | Killed a fire dragon
  1981 | D        | Killed a fire dragon
  1985 | D        | Killed a stone giant
  1990 | D        | Killed a stone giant
  2239 | D        | Noticed Aizul
  2262 | D        | Killed Aizul
  2262 | D        | Reached XP level 13. HP: 46/134 MP: 21/21
  2613 | D        | Noticed a merfolk impaler
  2639 | D        | Killed a merfolk impaler
  2684 | D        | Noticed a spark wasp
  2685 | D        | Killed a spark wasp
  2723 | D        | Noticed a thorn hunter
  2746 | D        | Killed a thorn hunter
  3123 | D        | Noticed Maurice
  3129 | D        | Killed Maurice
  3172 | D        | Noticed a fire dragon
  3172 | D        | Noticed a tengu reaver
  3176 | D        | Killed a tengu reaver
  3181 | D        | Noticed a vampire knight
  3182 | D        | Killed a fire dragon
  3185 | D        | Reached XP level 14. HP: 87/148 MP: 4/23
  3198 | D        | Noticed a fire giant
  3215 | D        | Killed a vampire knight
  3215 | D        | Reached skill level 15 in Dodging
  3227 | D        | Killed a fire giant
  3566 | D        | Noticed a vault warden
  3573 | D        | Reached skill level 10 in Throwing
  3575 | D        | Noticed a stone giant
  3575 | D        | Noticed a lich
  3576 | D        | Noticed a stone giant
  3580 | D        | Killed a vault warden
  3580 | D        | Killed a lich
  3589 | D        | Killed a stone giant
  3589 | D        | Reached skill level 15 in Invocations
  3592 | D        | Killed a stone giant
  3670 | D        | Noticed Agnes
  3678 | D        | Killed Agnes
  3761 | D        | Found the +27 Lear's hauberk
  3833 | D        | Noticed Xtahua
  3836 | D        | Paralysed by Xtahua for 4 turns
  3855 | D        | Killed Xtahua
  4097 | D        | Noticed Snorg
  4099 | D        | Noticed a tengu reaver
  4100 | D        | Noticed Mennas
  4103 | D        | Noticed a tengu reaver
  4108 | D        | Killed Snorg
  4108 | D        | Reached XP level 15. HP: 148/160 MP: 25/25
  4120 | D        | Killed a tengu reaver
  4181 | D        | Killed Mennas
  4194 | D        | Killed a tengu reaver
  4240 | D        | Noticed Sojobo
  4270 | D        | Killed Sojobo
  4337 | D        | Got a decaying rune of Zot
  4701 | D        | Noticed a nagaraja
  4701 | D        | Noticed a nagaraja
  4701 | D        | Noticed a nagaraja
  4701 | D        | Noticed a nagaraja
  4707 | D        | Noticed a nagaraja
  4712 | D        | Killed a nagaraja
  4720 | D        | Killed a nagaraja
  4724 | D        | Killed a nagaraja
  4729 | D        | Killed a nagaraja
  4739 | D        | Killed a nagaraja
  4771 | D        | Got a serpentine rune of Zot
  5004 | D        | Noticed Ilsuiw
  5018 | D        | Killed Ilsuiw
  5043 | D        | Reached XP level 16. HP: 174/174 MP: 12/27
  5065 | D        | Got a barnacled rune of Zot
  5198 | D        | Got a gossamer rune of Zot
  5243 | D        | Noticed Jory
  5259 | D        | Killed Jory
  5624 | D        | Noticed a shadow dragon
  5628 | D        | Noticed a storm dragon
  5645 | D        | Killed a shadow dragon
  5657 | D        | Noticed a shadow dragon
  5669 | D        | Noticed a shadow dragon
  5681 | D        | Killed a storm dragon
  5694 | D        | Reached skill level 15 in Throwing
  5733 | D        | Killed a shadow dragon
  5749 | D        | Killed a shadow dragon
  5759 | D        | Reached XP level 17. HP: 150/190 MP: 29/29
  5837 | D        | Noticed a tentacled monstrosity
  5837 | D        | Noticed a tentacled monstrosity
  5848 | D        | Killed a tentacled monstrosity
  5855 | D        | Killed a tentacled monstrosity
  5866 | D        | Reached skill level 27 in Fighting
  5866 | D        | Reached skill level 27 in Armour
  5866 | D        | Reached skill level 27 in Shields
  5924 | D        | Got a silver rune of Zot
  6010 | D        | Noticed Rupert
  6021 | D        | Killed Rupert
  6070 | D        | Noticed Louise
  6087 | D        | Killed Louise
  6087 | D        | Reached skill level 1 in Unarmed Combat
  6124 | D        | Got the ring of Juhaix {+Blink rPois Str+5 SInv}
  6126 | D        | Got the ring "Geehoig" {Wiz Dex+4}
  6128 | D        | Found the +8 trident of the Octopus King {venom, rElec rPois MR+}
  6128 | D        | Got the ring "Gigakh" {Fire MR+ Str+2}
  6130 | D        | Got the ring "Baoc" {MR+ Slay+3}
  6132 | D        | Got the ring of Duhed {rElec Str+3 Int+3 Stlth+}
  6251 | D        | Noticed Mara
  6262 | D        | Killed Mara
  6262 | D        | Reached skill level 5 in Unarmed Combat
  6292 | D        | Noticed Nikola
  6300 | D        | Killed Nikola
  6430 | D        | Reached skill level 10 in Unarmed Combat
  6599 | D        | Reached skill level 27 in Dodging
  6611 | D        | Reached skill level 15 in Long Blades
  6621 | D        | Reached XP level 18. HP: 180/200 MP: 31/31
  6687 | D        | Noticed a tentacled monstrosity
  6688 | D        | Noticed a golden dragon
  6693 | D        | Killed a tentacled monstrosity
  6699 | D        | Noticed a tentacled monstrosity
  6719 | D        | Killed a golden dragon
  6723 | D        | Killed a tentacled monstrosity
  6841 | D        | Noticed a tentacled monstrosity
  6841 | D        | Noticed an electric golem
  6849 | D        | Killed a tentacled monstrosity
  6864 | D        | Reached skill level 15 in Unarmed Combat
  6889 | D        | Killed an electric golem
  7144 | D        | Noticed a Killer Klown
  7150 | D        | Noticed a curse toe
  7153 | D        | Killed a Killer Klown
  7170 | D        | Killed a curse toe
  7722 | D        | Noticed an Orb Guardian
  7722 | D        | Noticed an Orb Guardian
  7722 | D        | Noticed an Orb Guardian
  7722 | D        | Noticed an Orb Guardian
  7722 | D        | Noticed an Orb Guardian
  7722 | D        | Noticed an Orb Guardian
  7725 | D        | Killed an Orb Guardian
  7732 | D        | Killed an Orb Guardian
  7738 | D        | Killed an Orb Guardian
  7741 | D        | Killed an Orb Guardian
  7749 | D        | Killed an Orb Guardian
  7751 | D        | Killed an Orb Guardian
  7752 | D        | Noticed an Orb Guardian
  7753 | D        | Noticed an Orb Guardian
  7755 | D        | Noticed an Orb Guardian
  7755 | D        | Killed an Orb Guardian
  7764 | D        | Killed an Orb Guardian
  7765 | D        | Noticed an Orb Guardian
  7770 | D        | Killed an Orb Guardian
  7774 | D        | Killed an Orb Guardian
  7782 | D        | Noticed a tentacled monstrosity
  7782 | D        | Noticed an Orb Guardian
  7782 | D        | Noticed an Orb Guardian
  7786 | D        | Killed an Orb Guardian
  7786 | D        | Reached XP level 19. HP: 205/207 MP: 28/34
  7830 | D        | Noticed an ancient lich
  7838 | D        | Killed an ancient lich
  7840 | D        | Noticed an orb of fire
  7840 | D        | Gained mutation: You are clumsy. (Dex -2) [an orb of fire]
  7847 | D        | Killed an orb of fire
  7850 | D        | Noticed an electric golem
  7865 | D        | Killed an electric golem
  8008 | D        | Noticed an orb of fire
  8008 | D        | Noticed an electric golem
  8008 | D        | Noticed an electric golem
  8009 | D        | Noticed an orb of fire
  8013 | D        | Noticed an orb of fire
  8021 | D        | Killed an orb of fire
  8023 | D        | Killed an electric golem
  8024 | D        | Killed an orb of fire
  8024 | D        | Killed an orb of fire
  8024 | D        | Killed an electric golem
  8025 | D        | Noticed an electric golem
  8026 | D        | Noticed an electric golem
  8030 | D        | Killed an electric golem
  8030 | D        | Reached skill level 27 in Invocations
  8036 | D        | Noticed an ancient lich
  8044 | D        | Killed an ancient lich
  8056 | D        | Killed an electric golem
  8405 | D        | Reached skill level 27 in Long Blades
  8405 | D        | Reached XP level 20. HP: 216/216 MP: 36/36
  8408 | D        | Reached skill level 5 in Evocations
  8441 | D        | Reached skill level 27 in Throwing
  8530 | D        | Noticed an ancient lich
  8530 | D        | Noticed an ancient lich
  8541 | D        | Killed an ancient lich
  8541 | D        | Reached skill level 27 in Unarmed Combat
  8545 | D        | Killed an ancient lich
  8550 | D        | Reached skill level 15 in Evocations
  8683 | D        | Reached skill level 5 in Spellcasting
  8700 | D        | Got an elven rune of Zot
  8852 | D        | Paralysed by a floating eye for 2 turns
  8857 | D        | Paralysed by a floating eye for 4 turns
  8862 | D        | Paralysed by a floating eye for 2 turns
  8870 | D        | Paralysed by a floating eye for 4 turns
  9117 | D        | Noticed the Royal Jelly
  9123 | D        | Killed the Royal Jelly
  9123 | D        | Reached skill level 10 in Spellcasting
  9124 | D        | GG
  9198 | D        | HP: 1/216 [acid blob (32)]
  9198 | D        | Splashed by an acid blob's acid

Skill      XL: |  1  2  3  4  5  6  7  8  9 10 11 12 13 14 15 16 17 18 19 20 |
---------------+-------------------------------------------------------------+-----
Fighting       | 4 5 6 7 8 9 10 11 13 14 16 18 20 22 24 26 27 | 27.0
Armour         | 4 5 6 7 8 9 10 11 13 14 16 18 20 22 24 26 27 | 27.0
Shields        | 4 5 6 7 8 9 10 11 13 14 16 18 20 22 24 26 27 | 27.0
Long Blades    | 3 4 5 7 9 10 11 12 14 15 21 27 | 27.0
Invocations    | 2 3 5 6 8 9 11 12 14 15 16 18 21 24 27 | 27.0
Dodging        | 4 9 12 14 17 20 22 27 | 27.0
Throwing       | 2 6 8 11 13 15 19 22 26 27 | 27.0
Unarmed Combat | 12 19 24 27 | 27.0
Evocations     | 4 23 | 23.3
Spellcasting   | 11 | 11.1

Action                   |  1- 3 |  4- 6 |  7- 9 | 10-12 | 13-15 | 16-18 | 19-21 || total
-------------------------+-------+-------+-------+-------+-------+-------+-------++-------
Melee: Long sword        |    26 |    20 |       |       |       |       |       ||    46
       Headbutt          |     5 |    11 |     8 |    95 |   172 |   376 |   106 ||   773
       Scimitar          |       |    18 |    22 |   203 |   425 |   565 |       ||  1233
       Demon blade       |       |       |       |       |       |   200 |   252 ||   452
Throw: Tomahawk          |       |       |       |       |    15 |     6 |       ||    21
       Javelin           |       |       |       |       |       |    27 |    16 ||    43
Invok: Slouch            |       |       |     2 |    11 |    35 |    21 |    18 ||    87
       Step From Time    |       |       |       |       |     1 |       |     1 ||     2
       Bend Time         |       |       |       |       |       |     1 |       ||     1
Evoke: Wand              |       |       |     2 |     5 |     2 |       |     1 ||    10
  Use: Potion            |     2 |       |     1 |     2 |    19 |     2 |     7 ||    33
       Scroll            |       |       |       |       |       |     4 |     7 ||    11
 Stab: Confused          |       |       |       |       |     2 |       |       ||     2
  Eat: Ration            |       |       |       |     1 |     3 |     3 |     1 ||     8
Armor: Scale mail        |     8 |     5 |    10 |       |       |       |       ||    23
       Chain mail        |       |       |       |    27 |       |       |       ||    27
       Storm dragon scal |       |       |       |     7 |   106 |    47 |       ||   160
       Gold dragon scale |       |       |       |       |       |    28 |    41 ||    69
Dodge: Dodged            |     3 |    11 |    10 |    66 |   213 |   330 |    96 ||   729
Block: Shield            |    10 |    13 |    22 |   104 |       |       |       ||   149
       Large shield      |       |       |       |    60 |   506 |   683 |   194 ||  1443
       Rpst.: Long sword |     1 |       |       |       |       |       |       ||     1
       Scimitar          |       |     4 |     2 |    11 |    16 |    21 |       ||    54
       Demon blade       |       |       |       |       |       |    10 |    15 ||    25
